 Dungeon Crawl Stone Soup version 0.17.2-1-ge4368a0 (webtiles) character file.

56 Alipheese the Skirmisher (level 3, 0/34 HPs)
             Began as a Naga Wanderer on May 26, 2019.
             Killed from afar by Alipheese's ghost (2 damage)
             ... with a puff of flame
             ... on level 3 of the Dungeon.
             The game lasted 00:03:20 (2300 turns).

Alipheese the Skirmisher (Naga Wanderer)            Turns: 2300, Time: 00:03:20

Health: 0/34       AC:  6    Str: 16    XL:     3   Next: 97%
Magic:  0/3        EV:  4    Int: 12    God:
Gold:   123        SH:  0    Dex:  9    Spells: 0 memorised, 2 levels left

rFire  . . .     SeeInvis +     g - +1 whip (elec)
rCold  . . .     Clarity  .     j - +0 chain mail
rNeg   . . .     SustAt   .     (no shield)
rPois  +         Gourm    .     (no helmet)
rElec  .         Spirit   +     p - +0 cloak
rCorr  .         Warding  .     (no gloves)
rMut   .         Rnd*Tele +     (no barding)
MR     .....                    m - amulet of guardian spirit {Spirit}
Stlth  ..........               (no ring)
                                e - ring of teleportation (curse) {+/*tele}

@: lethally poisoned (0 -> -6), very slightly contaminated, hasted, quick, not
resistant to hostile enchantments, extremely unstealthy
A: see invisible, deformed body, poison resistance, slowness 2, slow metabolism
1, spit poison 2, AC +1
a: Spit Poison, Evoke Teleportation


You were on level 3 of the Dungeon.
You were not hungry.

You visited 1 branch of the dungeon, and saw 3 of its levels.

You collected 123 gold pieces.


Innate Abilities, Weirdness & Mutations

You cannot wear boots.
Your serpentine skin is tough (AC +1).
You have supernaturally acute eyesight.
Armour fits poorly on your strangely shaped body.
Your system is resistant to poisons.
You cover ground very slowly.
You have a slow metabolism.
You can spit poison.

Inventory:

Hand Weapons
 a - a +2 hand axe
 g - a +1 whip of electrocution (weapon)
Armour
 j - a +0 chain mail (worn)
 p - a +0 cloak (worn)
Jewellery
 e - a cursed ring of teleportation (left hand) {+/*tele}
 m - an amulet of guardian spirit (around neck) {Spirit}
Scrolls
 f - a scroll of identify
 h - 2 scrolls of amnesia
 i - a scroll of fear
Comestibles
 c - a royal jelly {!e}
 d - 2 chunks of flesh {!e}
 r - a bread ration {!e}


You had 2 spell levels left.
You didn't know any spells.


   Skills:
 + Level 3.6 Fighting
 * Level 3.0 Axes
   Level 1.0 Bows
 - Level 1.0 Throwing
 - Level 2.4 Armour
 - Level 1.0 Evocations

Dungeon Overview and Level Annotations

Branches:
Dungeon (3/15)

Altars:

Annotations:
D:3 Alipheese's ghost, amateur NaWn

Vault maps used:
D:1:      lemuel_arrival_river_passageway
D:2:      ecumenical_altar_2
D:3:      cheibriados_altar_wand_db, gammafunk_temple_overflow_elements,
          uniq_sigmund, uniq_robin
You       could see Alipheese's ghost.


Message History

Alipheese's ghost hits you.
You are lethally poisoned!
You lost 4 HP.
You have now: 9/34 HP.
You hit Alipheese's ghost.
Alipheese's ghost is lightly damaged.
You feel sick.
Alipheese's ghost hits you but does no damage.
You lost 1 HP.
You have now: 8/34 HP.
Drink which item? (? for menu, Esc to quit)
Really quaff
n - a murky red potion {!q}?
It was a potion of curing {!q}.
You feel better.
Restored 9 HP.
You have now: 17/34 HP.
Read which item? (? for menu, Esc to quit)
As you read the scroll labeled ZERIAKO XOGYB, it crumbles to dust.
It is a scroll of identify.
Identify which item? (\ to view known items) (? for menu, Esc to quit)
h - 2 scrolls of amnesia Alipheese's ghost hits you but does no damage.
You are poisoned.
You completely miss Alipheese's ghost.
Alipheese's ghost is lightly damaged.
You feel sick.
Alipheese's ghost points at you and mumbles some strange words.
The flame tongue hits you!
* * * LOW HITPOINT WARNING * * *
You lost 12 HP.
You have now: 5/34 HP.
* * * LOW HITPOINT WARNING * * *
You feel sick. Alipheese's ghost barely misses you.
You lost 1 HP.
You have now: 4/34 HP.
Read which item? (? for menu, Esc to quit)
As you read the scroll labeled QOICO OTET, it crumbles to dust.
You assume a fearsome visage.
Alipheese's ghost is unaffected.
It was a scroll of fear.
There is a lethal amount of poison in your body!
Unknown command.
Read which item? (? for menu, Esc to quit)
As you read the scroll labeled VODOL ARGHUL, it crumbles to dust.
You feel aware of your surroundings.
You sensed 3 altars.
It was a scroll of magic mapping.
* * * LOW HITPOINT WARNING * * *
You feel sick. Alipheese's ghost hits you.
* * * LOW HITPOINT WARNING * * *
You lost 2 HP.
You have now: 2/34 HP.
Unknown command.
Read which item? (? for menu, Esc to quit)
As you read the scroll labeled EMIATISOYXO, it crumbles to dust.
You smell something weird.
It was a scroll of random uselessness.
Alipheese's ghost points at you and mumbles some strange words.
The puff of flame hits you!
You die...

Action                   || total
-------------------------++-------
Melee: Hand axe          ||    14
       Whip              ||   130
 Abil: Spit Poison       ||     4
  Use: Scroll            ||     4
       Potion            ||     3
  Eat: Chunk             ||     3

Notes
Turn   | Place    | Note
--------------------------------------------------------------
     0 | D:1      | Alipheese the Naga Wanderer began the quest for the Orb.
     0 | D:1      | Alipheese set off with: a +2 hand axe, a +0 ring mail, a +0 shortbow, 25 arrows, a bread ration {!e}
     0 | D:1      | Reached XP level 1. HP: 21/21 MP: 1/1
   156 | D:1      | Reached XP level 2. HP: 6/28 MP: 2/2
   684 | D:1      | Reached skill level 2 in Axes
  1291 | D:1      | Reached XP level 3. HP: 23/34 MP: 3/3
  1807 | D:2      | Found a faded altar to an unknown god.
  2111 | D:3      | Reached skill level 3 in Axes
  2284 | D:3      | Noticed Alipheese's ghost (amateur NaWn)
  2300 | D:3      | Killed from afar by Alipheese's ghost

Table legend:
 A = Turns spent in this place as a percentage of turns spent in the entire game.
 B = Non-inter-level travel turns spent in this place as a percentage of non-inter-level travel turns spent in the entire game.
 C = Inter-level travel turns spent in this place as a percentage of turns spent in this place.
 D = Turns resting spent in this place as a percentage of non-inter-level travel turns spent in this place.
 E = Turns spent auto-exploring this place as a percentage of non-inter-level travel turns spent in this place.
 F = Non-inter-level travel turns spent in this place divided by the number of levels of this place that you've seen.
                   A       B       C       D       E      F
               +-------+-------+-------+-------+-------+----------------------
         Total | 100.0 | 100.0 |   0.5 |   4.1 |   9.5 | 185.7
       Dungeon | 100.0 | 100.0 |   0.5 |   4.1 |   9.5 | 185.7
               +-------+-------+-------+-------+-------+----------------------

Table legend:
 A = Kills in this place as a percentage of kills in entire the game.
 B = Kills by you in this place as a percentage of kills by you in the entire game.
 C = Kills by friends in this place as a percentage of kills by friends in the entire game.
 D = Other kills in this place as a percentage of other kills in the entire game.
 E = Experience gained in this place as a percentage of experience gained in the entire game.
 F = Experience gained in this place divided by the number of levels of this place that you have seen.
                   A       B       C       D       E      F
               +-------+-------+-------+-------+-------+----------------------
         Total | 100.0 | 100.0 |  -nan |  -nan | 100.0 |  27.0
       Dungeon | 100.0 | 100.0 |  -nan |  -nan | 100.0 |  27.0
               +-------+-------+-------+-------+-------+----------------------

Vanquished Creatures
  An adder (D:3)
  A worm (D:2)
  7 giant geckos
  A ball python (D:3)
  3 bats
  2 hobgoblins
  2 giant cockroaches (D:1)
  5 giant newts
  9 goblins
  7 kobolds
  3 rats
41 creatures vanquished.
